 Dungeon Crawl Stone Soup version 0.28.0-43-g3370ac3207 (webtiles) character file.

Game seed: 1134430931340925018

207 Murumi the Skirmisher (level 5, -1/57 HPs)
             Began as an Ogre Gladiator on Mar 26, 2022.
             Was a Follower of Okawaru.
             Splashed by a jelly's acid (3 damage)
             ... on level 4 of the Dungeon.
             The game lasted 00:08:40 (3536 turns).

Murumi the Skirmisher (Ogre Gladiator)              Turns: 3536, Time: 00:08:41

Health: -1/57      AC: -8    Str: 20    XL:     5   Next: 85%
Magic:  6/6        EV: 10    Int:  9    God:    Okawaru [*.....]
Gold:   73         SH:  0    Dex: 10    Spells: 4/4 levels left

rFire   . . .      SeeInvis .   n - +0 whip
rCold   . . .      Faith    .   (no shield)
rNeg    . . .      Spirit   .   b - +0 robe
rPois   .          Reflect  .   c - +0 hat
rElec   .          Harm     .   (no cloak)
rCorr   .          Rampage  .   (gloves unavailable)
Will    .....                   (boots unavailable)
Stlth   +.........              (no amulet)
HPRegen 0.19/turn               (no ring)
MPRegen 0.10/turn               (no ring)

@: corroded, studying Short Blades
A: large, unfitting armour, tough skin 1
a: Renounce Religion, Heroism


You were on level 4 of the Dungeon.
You worshipped Okawaru.
Okawaru was aware of your devotion.
You visited 1 branch of the dungeon, and saw 4 of its levels.

You collected 73 gold pieces.

Inventory:

Hand Weapons
 n - a +0 whip (weapon)
 o - a +0 morningstar
Missiles
 d - 2 throwing nets (quivered)
 e - 10 boomerangs
 i - 4 poisoned darts
 j - 65 stones
Armour
 b - a +0 robe (worn)
 c - a +0 hat (worn)
Jewellery
 m - a ring of wizardry
Scrolls
 h - 2 scrolls of teleportation
 k - 2 scrolls of holy word
Potions
 f - a potion of brilliance
 g - 3 potions of flight {unknown}
 l - a potion of might {unknown}


   Skills:
 + Level 5.3 Fighting
 - Level 3.0 Maces & Flails
 - Level 3.0 Throwing
 - Level 1.0 Armour
 - Level 3.0 Dodging
 - Level 1.0 Stealth
 - Level 2.0 Invocations


You had 4 spell levels left.
You didn't know any spells.
Your spell library contained the following spells:

 Spells                   Type           Power      Damage    Failure   Level
 Sting                    Tmut/Pois      0%         1d3       38%         1
 Blink                    Tloc           0%         N/A       52%         2
 Poisonous Vapours        Pois/Air       0%         N/A       52%         2
 Lesser Beckoning         Tloc           0%         N/A       77%         3
 Olgreb's Toxic Radiance  Pois           0%         N/A       99%         4
 Manifold Assault         Tloc           0%         N/A       100%        5


Dungeon Overview and Level Annotations

Branches:
Dungeon (4/15)
 Temple: D:4-7

Altars:
Okawaru


Innate Abilities, Weirdness & Mutations

You are too large for most types of armour.
You have tough skin. (AC +1)


Message History

Found a yellow potion.
The jelly quivers.
You throw a stone. The stone hits the jelly.
The jelly is lightly wounded.
You hit the jelly.
Your hands burn!
The jelly is moderately wounded.
The jelly barely misses you.
You hit the jelly but do no damage.
Your hands burn!
The jelly is moderately wounded.
The jelly barely misses you.
You hit the jelly.
Your hands burn!
The jelly is moderately wounded.
The jelly hits you. The acid corrodes you!
You are splashed with acid!
You hit the jelly but do no damage.
Your hands burn!
The jelly is moderately wounded.
The jelly hits you. The acid corrodes you!
You are splashed with acid!
You hit the jelly.
Your hands burn!
The jelly is heavily wounded.
The jelly hits you.
You are splashed with acid!
You hit the jelly.
Your hands burn!
* * * LOW HITPOINT WARNING * * *
The jelly is severely wounded.
The jelly hits you.
* * * LOW HITPOINT WARNING * * *
You are splashed with acid!
* * * LOW HITPOINT WARNING * * *
Throw: 3 throwing nets
Press: ? - help, Q - select action, (/) - cycle Shift-Dir - straight line, f/p - jelly
Aim: a jelly (severely wounded, 89% to hit)
You throw a throwing net. The throwing net hits the jelly.
The jelly is caught in the net!
The jelly is severely wounded.
The jelly struggles against the net.
You hit the jelly but do no damage. The acid corrodes you!
Your hands burn!
* * * LOW HITPOINT WARNING * * *
The jelly is severely wounded.
The jelly struggles against the net.
You catch the helpless jelly completely off-guard!
You hit the jelly.
Your hands burn!
You die...

#.# #!. #.# 8.. ### #.#
#### #... #.# #.# ....
...##.# #.# ##..#
....###.# <..# #....#.#
######## ####
#....#)###......##
#J@..#.##........##
#....(.##...#..........#
#.##.## ###.#..........#
# #............# .#
#........<...# ...#
#...........># #....
#)##..[.....## ....
#.##........# ##.
#...##...##..#


You could see a jelly (caught).

Vanquished Creatures
  A scorpion (D:4)
  Jessica (D:2)
  Terence (D:2)
  3 adders (D:2)
  A shadow imp (D:3)
  2 worms
  2 dart slugs
  6 orcs (D:4)
  3 bats
  3 endoplasms
  2 giant cockroaches (D:1)
  6 hobgoblins
  4 kobolds
  2 quokkas
  7 ball pythons
  4 frilled lizards
  5 goblins
  2 rats
55 creatures vanquished.

Vanquished Creatures (others)
  2 plants (D:3)
  2 withered plants (D:3)
4 creatures vanquished.

Grand Total: 59 creatures vanquished

Notes
Turn   | Place    | Note
-------+----------+-------------------------------------------
     0 | D:1      | Murumi the Ogre Gladiator began the quest for the Orb.
     0 | D:1      | Reached XP level 1. HP: 22/22 MP: 1/1
    42 | D:1      | Reached skill level 3 in Fighting
    97 | D:1      | Reached XP level 2. HP: 29/31 MP: 2/2
   732 | D:1      | Reached XP level 3. HP: 39/39 MP: 3/3
  1186 | D:2      | Reached skill level 4 in Fighting
  1450 | D:2      | Noticed Jessica
  1456 | D:2      | Killed Jessica
  1457 | D:2      | Reached skill level 1 in Armour
  1457 | D:2      | Reached skill level 1 in Stealth
  1457 | D:2      | Reached XP level 4. HP: 48/48 MP: 4/4
  1705 | D:2      | Noticed Terence
  1725 | D:2      | Killed Terence
  2105 | D:2      | Reached skill level 5 in Fighting
  2262 | D:2      | Reached XP level 5. HP: 57/57 MP: 5/5
  2686 | D:3      | Found a faded altar of an unknown god.
  3095 | D:3      | Prayed at the altar of an unknown god.
  3095 | D:3      | Became a worshipper of Warmaster Okawaru
  3095 | D:3      | Reached * piety under Okawaru
  3248 | D:4      | Reached skill level 1 in Invocations
  3535 | D:4      | HP: 2/57 [acid (1)]
  3536 | D:4      | Splashed by a jelly's acid

Illustrated notes

Levels and vault maps discovered:
D:1:      dpeg_arrival_arbitrary_c, layout_loops_ring
D:2:      layout_basic, uniq_jessica, uniq_terence
D:3:      layout_rooms, ebering_ecumenical_altar_petrified, serial_bayou_pond_c,
          hangedman_feature_mirror
D:4:      layout_rooms, minmay_temple_entry_grid, serial_corexii_hall,
          corexii_hall_statues_x, corexii_hall_statues_x, minmay_manual_monolith

Skill      XL: |  1  2  3  4  5 |
---------------+----------------+-----
Fighting       | 3 4 5 |  5.3
Maces & Flails | 3 |  3.0
Dodging        | 3 |  3.0
Armour         | 1 |  1.0
Stealth        | 1 |  1.0
Throwing       | 3 |  3.0
Invocations    | 2 |  2.0

Action                   |  1- 3 |  4- 6 || total
-------------------------+-------+-------++-------
Melee: Flail             |    87 |    78 ||   165
       Punch             |     1 |       ||     1
       Whip              |       |    36 ||    36
Throw: Throwing net      |     1 |     1 ||     2
       Dart              |     4 |    10 ||    14
       Stone             |       |    65 ||    65
       Boomerang         |       |     1 ||     1
  Use: Scroll            |     3 |     4 ||     7
 Stab: Sleeping          |     1 |     1 ||     2
       Held in net/web   |       |     1 ||     1
Armor: Robe              |    24 |    28 ||    52
Dodge: Dodged            |    55 |    50 ||   105
